 Dungeon Crawl Stone Soup version 0.21.1-1-g345015f (webtiles) character file.

1 HydraWiggins the Covered (level 1, -1/13 HPs)
             Began as a Gnoll Wanderer on June 26, 2018.
             Slain by a goblin
             ... wielding a +0 dagger
              (2 damage)
             ... on level 1 of the Dungeon.
             The game lasted 00:04:51 (43 turns).

HydraWiggins the Covered (Gnoll Wanderer)             Turns: 43, Time: 00:04:52

Health: -1/13      AC:  2    Str: 15    XL:     1   Next: 20%
Magic:  0/6        EV: 11    Int: 13    God:
Gold:   0          SH:  0    Dex: 14    Spells: 8/9 levels left

rFire    . . .     SeeInvis .   e - +0 club
rCold    . . .     Gourm    .   (no shield)
rNeg     . . .     Faith    .   d - +0 robe
rPois    .         Spirit   .   (no helmet)
rElec    .         Reflect  .   (no cloak)
rCorr    .         Harm     .   (no gloves)
MR       .....                  (no boots)
Stlth    +.........             (no amulet)
HPRegen  0.04/turn              (no ring)
MPRegen  0.10/turn              (no ring)

@: very slightly contaminated
A: distributed training, fangs 1, strong nose
a: no special abilities


You were on level 1 of the Dungeon.
You were not hungry.

You visited 1 branch of the dungeon, and saw 1 of its levels.

Inventory:

Hand Weapons
 e - a +0 club (weapon)
Armour
 d - a +0 robe (worn)
Potions
 b - a potion of lignification
 c - a potion of curing
Books
 a - a book of Minor Magic

   Spells                             Type                      Level
   a - Magic Dart                     Conjuration                  1
   b - Blink                          Translocation                2
   c - Call Imp                       Summoning                    2
   d - Slow                           Hexes                        2
   e - Conjure Flame                  Conjuration/Fire             3
   f - Mephitic Cloud                 Conjuration/Poison/Air       3
Comestibles
 f - a ration


   Skills:
 + Level 0.0 Fighting
 + Level 0.0 Short Blades
 + Level 0.0 Long Blades
 + Level 0.0 Axes
 + Level 0.0 Maces & Flails
 + Level 0.0 Polearms
 + Level 0.0 Staves
 + Level 0.0 Slings
 + Level 0.0 Bows
 + Level 0.0 Crossbows
 + Level 0.0 Throwing
 + Level 6.4 Armour
 + Level 0.0 Dodging
 + Level 0.0 Stealth
 + Level 4.4 Shields
 + Level 0.0 Unarmed Combat
 + Level 4.8 Spellcasting
 + Level 0.0 Conjurations
 + Level 0.0 Hexes
 + Level 0.0 Charms
 + Level 0.0 Summonings
 + Level 0.0 Necromancy
 + Level 5.3 Translocations
 + Level 0.0 Transmutations
 + Level 0.0 Fire Magic
 + Level 0.0 Ice Magic
 + Level 0.0 Air Magic
 + Level 0.0 Earth Magic
 + Level 0.0 Poison Magic
 + Level 0.0 Invocations
 + Level 0.0 Evocations


You had 8 spell levels left.
You knew the following spells:

 Your Spells              Type           Power        Failure   Level  Hunger
a - Magic Dart            Conj           #...         19%         1    None


Dungeon Overview and Level Annotations

Branches:
Dungeon (1/15)

Altars:


Innate Abilities, Weirdness & Mutations

Your experience applies equally to all skills.
You have very sharp teeth.
Your uncanny sense of smell can sniff out nearby items.


Message History

You open the door. The leopard gecko bites you.
There is an open door here.
The leopard gecko closely misses you. The leopard gecko bites you.
Casting: Magic Dart
Confirm with . or Enter, or press ? or * to list all spells.
Aiming: Magic Dart
Press: ? - help, Shift-Dir - straight line, f/p - goblin
Aim: a goblin, wielding a dagger (moderately wounded)
The magic dart hits the leopard gecko.
The leopard gecko is heavily wounded.
The leopard gecko barely misses you. The goblin barely misses you.
The leopard gecko misses you. The leopard gecko bites you.
* * * LOW HITPOINT WARNING * * *
The goblin completely misses you.
The leopard gecko hisses menacingly.
The leopard gecko bites you.
* * * LOW HITPOINT WARNING * * *
The goblin hits you with a dagger.
You die...

##########
##P♣♣P♣PPP##
#PP...<..♣P#
#..........#
#'##...P##'#
#lg##''##P.#
♣@P#....#.♣P#
####...P#######
P..............#
..♣..P♣..%P♣....
∆∆
P.........♣......
♣♣...P♣.....♣P...
.......P..... ...
∆.....#........
.% .... ......###


You could see a leopard gecko and a goblin.

Vanquished Creatures
  A giant cockroach (D:1)
1 creature vanquished.

Notes
Turn   | Place    | Note
-------+----------+-------------------------------------------
     0 | D:1      | HydraWiggins the Gnoll Wanderer began the quest for the Orb.
     0 | D:1      | HydraWiggins set off with: a book of Minor Magic, a potion of lignification, a potion of curing, a +0 robe, a +0 club, a ration
     0 | D:1      | Reached XP level 1. HP: 13/13 MP: 6/6
     2 | D:1      | Learned a level 1 spell: Magic Dart
    43 | D:1      | Slain by a goblin

Action                   || total
-------------------------++-------
 Cast: Magic Dart        ||     6
Dodge: Dodged            ||     5
